TOP OF THE 1ST |
Nassau Rockets batting - Pitching for Kenilworth Aces : RHP Curt Watkins
|
Pitching: RHP Curt Watkins
|
|
Batting: RHB Alejandro Ramírez
|
0-0: Ball 1-0: Ground out 5-3 (Groundball, 56S)
|
Batting: RHB Jesús Villalobos
|
0-0: Called Strike 0-1: Ball 1-1: Ball 2-1: Foul Ball, location: 2F 2-2: Strikes out looking
|
Batting: LHB Juan Romero
|
0-0: SINGLE (Line Drive, 9LS)
|
Batting: RHB Dexter Potter
|
0-0: Called Strike 0-1: Ball 1-1: Ball 2-1: DOUBLE (Line Drive, 8RXD) Juan Romero to third
|
Batting: RHB Tommy Davenport
|
0-0: Foul Ball, location: 2F 0-1: SINGLE (Flyball, 89M) Juan Romero scores Dexter Potter to third Runner from 3rd tries for Home, SAFE, no throw
|
Batting: RHB Brant Sherman
|
0-0: Ball 1-0: Called Strike 1-1: Ball 2-1: Fly out, F4 (Line Drive, 4)
|
Top of the 1st over - 2 runs, 3 hits, 0 errors, 1 left on base; Nassau 2 - Kenilworth 0 |
BOTTOM OF THE 1ST |
Kenilworth Aces batting - Pitching for Nassau Rockets : RHP David Contreras
|
Pitching: RHP David Contreras
|
|
Batting: RHB Jeff Bane
|
0-0: Ball 1-0: Ball 2-0: Fly out, F9 (Flyball, 9S)
|
Batting: LHB Roger Moore
|
0-0: SINGLE (Groundball, 34D)
|
Batting: LHB Sean Nicks
|
0-0: Called Strike 0-1: Ball 1-1: Foul Ball, location: 2F 1-2: Ball 2-2: Ball 3-2: Foul Ball, location: 2F 3-2: Strikes out swinging Roger Moore steals 2nd base Batter strikes out.
|
Batting: SHB Julián Madrid
|
0-0: SINGLE (Line Drive, 9LS) Roger Moore to third Runner from 3rd tries for Home, SAFE, throw made home
|
Batting: RHB Wilbert Rodgers
|
0-0: Ball 1-0: SINGLE (Line Drive, 78S) Julián Madrid to second
|
Batting: LHB Jim Jensen
|
0-0: Fly out, F6 (Line Drive, 6)
|
Bottom of the 1st over - 1 run, 3 hits, 0 errors, 2 left on base; Nassau 2 - Kenilworth 1 |
TOP OF THE 2ND |
Nassau Rockets batting - Pitching for Kenilworth Aces : RHP Curt Watkins
|
Batting: RHB Aaron Wilson
|
0-0: Called Strike 0-1: SINGLE (Line Drive, 4MD)
|
Batting: RHB Kenji Kudo
|
0-0: Called Strike 0-1: Swinging Strike 0-2: Ball 1-2: Foul Ball, location: 2F 1-2: Ball 2-2: Strikes out swinging
|
Batting: RHB Pepe González
|
0-0: Called Strike 0-1: Ball 1-1: Ball 2-1: 2-RUN HOME RUN (Flyball, 7LD), Distance : 342 ft
|
Batting: RHB Alejandro Ramírez
|
0-0: Ball 1-0: Foul Ball, location: 2F 1-1: Called Strike 1-2: Foul Ball, location: 2F 1-2: Strikes out looking
|
Batting: RHB Jesús Villalobos
|
0-0: Called Strike 0-1: Ball 1-1: SINGLE (Line Drive, 8LS)
|
Batting: LHB Juan Romero
|
0-0: Ball Jesús Villalobos steals 2nd base 1-0: SINGLE (Groundball, 34D) Jesús Villalobos to third Runner from 3rd tries for Home, SAFE, no throw
|
Batting: RHB Dexter Potter
|
0-0: Foul Ball, location: 2F 0-1: SINGLE (Groundball, 6D) Juan Romero to second
|
Batting: RHB Tommy Davenport
|
0-0: Foul Ball, location: 2F 0-1: Ball 1-1: Ball 2-1: Ball 3-1: Foul Ball, location: 2F 3-2: Foul Ball, location: 2F 3-2: Ground out 4-3 (Groundball, 4)
|
Top of the 2nd over - 3 runs, 5 hits, 0 errors, 2 left on base; Nassau 5 - Kenilworth 1 |
BOTTOM OF THE 2ND |
Kenilworth Aces batting - Pitching for Nassau Rockets : RHP David Contreras
|
Batting: LHB Luis Villa
|
0-0: Ball 1-0: Foul Ball, location: 2F 1-1: Ground out U3 (Groundball, 3)
|
Batting: RHB Taylor McFarland
|
0-0: Called Strike 0-1: Ball 1-1: Ball 2-1: Ball 3-1: Base on Balls
|
Batting: RHB Gary Thomas
|
0-0: Ball 1-0: Ball 2-0: Called Strike 2-1: SINGLE (Line Drive, 89S) Taylor McFarland to second
|
Batting: RHB Jeff Bane
|
0-0: Ball 1-0: Ball 2-0: Swinging Strike 2-1: Foul Ball, location: 2F 2-2: Ball 3-2: Foul Ball, location: 2F 3-2: SINGLE (Line Drive, 6D) Taylor McFarland to third Gary Thomas to second
|
Batting: LHB Roger Moore
|
0-0: Ball 1-0: Ball 2-0: TRIPLE (Line Drive, 8LXD) Taylor McFarland scores Gary Thomas scores Jeff Bane scores
|
Batting: LHB Sean Nicks
|
0-0: Ball 1-0: Ball Wild Pitch! Roger Moore scores 2-0: Ball 3-0: Called Strike 3-1: Base on Balls
|
Batting: SHB Julián Madrid
|
0-0: Ball 1-0: Foul Ball, location: 2F 1-1: Foul Ball, location: 2F 1-2: Ball 2-2: Foul Ball, location: 2F 2-2: Fly out, F6 (Popup, 6M)
|
Batting: RHB Wilbert Rodgers
|
0-0: Ball 1-0: Foul Ball, location: 2F 1-1: Foul Ball, location: 2F 1-2: Ball 2-2: Foul Ball, location: 2F 2-2: Ball 3-2: Foul Ball, location: 2F 3-2: Foul Ball, location: 2F 3-2: Fly out, F7 (Flyball, 7S)
|
Bottom of the 2nd over - 4 runs, 3 hits, 0 errors, 1 left on base; Nassau 5 - Kenilworth 5 |
TOP OF THE 3RD |
Nassau Rockets batting - Pitching for Kenilworth Aces : RHP Curt Watkins
|
Batting: RHB Brant Sherman
|
0-0: Ball 1-0: Foul Ball, location: 2F 1-1: SINGLE (Flyball, 9LS)
|
Batting: RHB Aaron Wilson
|
0-0: Foul Ball, location: 2F 0-1: Ball 1-1: Called Strike 1-2: Strikes out swinging
|
Batting: RHB Kenji Kudo
|
0-0: Hit by Pitch Brant Sherman to second
|
Pinch Runner at 1st Edgardo Osorio:
|
|
Batting: RHB Pepe González
|
0-0: Called Strike 0-1: Ball 1-1: SINGLE (Groundball, 34D) Brant Sherman to third Edgardo Osorio to second Runner from 3rd tries for Home, SAFE, throw made home
|
Pitching: RHP Gene O'Neal
|
|
Batting: RHB Alejandro Ramírez
|
0-0: Grounds into double play, 6-4-3 (Groundball, 6)
|
Top of the 3rd over - 1 run, 2 hits, 0 errors, 1 left on base; Nassau 6 - Kenilworth 5 |
BOTTOM OF THE 3RD |
Kenilworth Aces batting - Pitching for Nassau Rockets : RHP David Contreras
|
Now in LF: Edgardo Osorio
|
|
Batting: LHB Jim Jensen
|
0-0: Called Strike 0-1: Foul Ball, location: 2F 0-2: Ball 1-2: Ground out 6-3 (Groundball, 6)
|
Batting: LHB Luis Villa
|
0-0: Ground out U3 (Groundball, 3)
|
Batting: RHB Taylor McFarland
|
0-0: Foul Ball, location: 2F 0-1: Fly out, F7 (Flyball, 7)
|
Bottom of the 3rd over - 0 runs, 0 hits, 0 errors, 0 left on base; Nassau 6 - Kenilworth 5 |
TOP OF THE 4TH |
Nassau Rockets batting - Pitching for Kenilworth Aces : RHP Gene O'Neal
|
Batting: RHB Jesús Villalobos
|
0-0: Ball 1-0: Foul Ball, location: 2F 1-1: Ball 2-1: Swinging Strike 2-2: Ball 3-2: Foul Ball, location: 2F 3-2: Ground out 5-3 (Groundball, 5L)
|
Batting: LHB Juan Romero
|
0-0: Fly out, F7 (Flyball, 78M)
|
Batting: RHB Dexter Potter
|
0-0: Ground out 4-3 (Groundball, 4)
|
Top of the 4th over - 0 runs, 0 hits, 0 errors, 0 left on base; Nassau 6 - Kenilworth 5 |
BOTTOM OF THE 4TH |
Kenilworth Aces batting - Pitching for Nassau Rockets : RHP David Contreras
|
Batting: RHB Gary Thomas
|
0-0: Swinging Strike 0-1: Called Strike 0-2: Strikes out looking
|
Batting: RHB Jeff Bane
|
0-0: Ball 1-0: Fly out, F9 (Flyball, 9LS)
|
Batting: LHB Roger Moore
|
0-0: Swinging Strike 0-1: Foul Ball, location: 2F 0-2: Strikes out looking
|
Bottom of the 4th over - 0 runs, 0 hits, 0 errors, 0 left on base; Nassau 6 - Kenilworth 5 |
TOP OF THE 5TH |
Nassau Rockets batting - Pitching for Kenilworth Aces : RHP Gene O'Neal
|
Batting: RHB Tommy Davenport
|
0-0: Foul Ball, location: 2F 0-1: Fly out, F7 (Flyball, 78D)
|
Batting: RHB Brant Sherman
|
0-0: Ball 1-0: Fly out, F8 (Line Drive, 8LS)
|
Batting: RHB Aaron Wilson
|
0-0: DOUBLE (Line Drive, 9LM)
|
Batting: SHB Edgardo Osorio
|
0-0: Foul Ball, location: 2F 0-1: Fly out, F2 (Popup, 25F)
|
Top of the 5th over - 0 runs, 1 hit, 0 errors, 1 left on base; Nassau 6 - Kenilworth 5 |
BOTTOM OF THE 5TH |
Kenilworth Aces batting - Pitching for Nassau Rockets : RHP David Contreras
|
Pitching: RHP Guan-cai Yong
|
|
Batting: LHB Sean Nicks
|
0-0: Foul Ball, location: 2F 0-1: Ball 1-1: Ball 2-1: Ball 3-1: Called Strike 3-2: Foul Ball, location: 2F 3-2: Base on Balls
|
Batting: SHB Julián Madrid
|
0-0: Swinging Strike 0-1: Foul Ball, location: 2F 0-2: Fly out, F6 (Popup, 6MD)
|
Batting: RHB Wilbert Rodgers
|
0-0: Called Strike 0-1: Grounds into double play, 6-4-3 (Groundball, 6)
|
Bottom of the 5th over - 0 runs, 0 hits, 0 errors, 0 left on base; Nassau 6 - Kenilworth 5 |
TOP OF THE 6TH |
Nassau Rockets batting - Pitching for Kenilworth Aces : RHP Scot MacIntosh
|
Pitching: RHP Scot MacIntosh
|
|
Batting: RHB Pepe González
|
0-0: Called Strike 0-1: Foul Ball, location: 2F 0-2: Ball 1-2: Strikes out looking
|
Pinch Hitting: LHB Wilson Allen
|
0-0: Called Strike 0-1: Foul Ball, location: 2F 0-2: Ball 1-2: Ball 2-2: Ball 3-2: Strikes out swinging
|
Pinch Hitting: RHB Salvador Borbón
|
0-0: Ball 1-0: Called Strike 1-1: Ball 2-1: Swinging Strike 2-2: Strikes out swinging
|
Top of the 6th over - 0 runs, 0 hits, 0 errors, 0 left on base; Nassau 6 - Kenilworth 5 |
BOTTOM OF THE 6TH |
Kenilworth Aces batting - Pitching for Nassau Rockets : RHP Guan-cai Yong
|
Now at 1B: Wilson Allen
|
|
Now at SS: Salvador Borbón
|
|
Batting: LHB Jim Jensen
|
0-0: Called Strike 0-1: Ball 1-1: Called Strike 1-2: Strikes out swinging
|
Batting: LHB Luis Villa
|
0-0: Fly out, F8 (Flyball, 8RS)
|
Batting: RHB Taylor McFarland
|
0-0: Swinging Strike 0-1: Called Strike 0-2: Ball 1-2: Ball 2-2: Ball 3-2: Base on Balls
|
Batting: RHB Gary Thomas
|
0-0: Ball 1-0: Called Strike 1-1: Ball 2-1: Ball 3-1: Fielders Choice at 2nd, 6-4 (Groundball, 6)
|
Bottom of the 6th over - 0 runs, 0 hits, 0 errors, 1 left on base; Nassau 6 - Kenilworth 5 |
TOP OF THE 7TH |
Nassau Rockets batting - Pitching for Kenilworth Aces : RHP Scot MacIntosh
|
Pitching: LHP Mark Murchison
|
|
Pinch Hitting: LHB Dusty Wilson
|
0-0: Swinging Strike 0-1: Swinging Strike 0-2: Ball 1-2: Strikes out swinging, 2-3 out at first.
|
Pitching: RHP Jack Walker
|
|
Batting: RHB Dexter Potter
|
0-0: Ball 1-0: Swinging Strike 1-1: Ground out 3-1 (Groundball, 34S)
|
Batting: RHB Tommy Davenport
|
0-0: Ball 1-0: Foul Ball, location: 2F 1-1: Ball 2-1: SINGLE (Line Drive, 9LM)
|
Pinch Hitting: LHB Andrew Alvarado
|
0-0: Called Strike 0-1: Ball 1-1: Foul Ball, location: 2F 1-2: Ground out U3 (Groundball, 3)
|
Top of the 7th over - 0 runs, 1 hit, 0 errors, 1 left on base; Nassau 6 - Kenilworth 5 |
BOTTOM OF THE 7TH |
Kenilworth Aces batting - Pitching for Nassau Rockets : RHP Guan-cai Yong
|
Now at 2B: Ken MacDonald
|
|
Now in LF: Andrew Alvarado
|
|
Pinch Hitting: LHB Barrett Waters
|
0-0: Foul Ball, location: 2F 0-1: Swinging Strike 0-2: Ball 1-2: Strikes out looking
|
Pitching: LHP Dennis Taylor
|
|
Batting: RHB Jorge Jiménez
|
0-0: Ball 1-0: Foul Ball, location: 2F 1-1: Foul Ball, location: 2F 1-2: Ball 2-2: Ball 3-2: SINGLE (Flyball, 7LM)
|
Pinch Hitting: RHB Lonson Seals
|
0-0: Ball 1-0: Called Strike 1-1: Foul Ball, location: 2F 1-2: Strikes out swinging Jorge Jiménez is caught stealing 2nd base Batter strikes out.
|
Bottom of the 7th over - 0 runs, 1 hit, 0 errors, 0 left on base; Nassau 6 - Kenilworth 5 |
TOP OF THE 8TH |
Nassau Rockets batting - Pitching for Kenilworth Aces : RHP Jack Walker
|
Now at 1B: Luis Sánchez
|
|
Now in CF: Barrett Waters
|
|
Batting: RHB Aaron Wilson
|
0-0: Ball 1-0: Ball 2-0: DOUBLE (Line Drive, 7LM)
|
Batting: SHB Edgardo Osorio
|
0-0: Intentional Walk
|
Batting: RHB Wallace Greene
|
0-0: SINGLE (Groundball, 6MD) Aaron Wilson to third Edgardo Osorio to second Runner from 3rd tries for Home, SAFE, no throw
|
Batting: LHB Wilson Allen
|
0-0: Sac Bunt - play at first, batter OUT! 1-3 Edgardo Osorio to third Wallace Greene to second
|
Batting: RHB Salvador Borbón
|
0-0: Intentional Walk
|
Batting: RHB Ken MacDonald
|
0-0: Ball 1-0: Called Strike 1-1: Swinging Strike 1-2: Foul Ball, location: 2F 1-2: Ball 2-2: Ball 3-2: Foul Ball, location: 2F 3-2: Fly out, F7 (Flyball, 7) Runner from 3rd tags up, SCORES, throw made
|
Batting: RHB Dexter Potter
|
0-0: Fielders Choice at 2nd, 5-4 (Groundball, 56)
|
Top of the 8th over - 2 runs, 2 hits, 0 errors, 2 left on base; Nassau 8 - Kenilworth 5 |
BOTTOM OF THE 8TH |
Kenilworth Aces batting - Pitching for Nassau Rockets : LHP Dennis Taylor
|
Pitching: RHP Chris Marshall
|
|
Batting: SHB Julián Madrid
|
0-0: Called Strike 0-1: Ground out 6-3 (Groundball, 6M)
|
Pinch Hitting: LHB Santiago Márquez
|
0-0: Ball 1-0: Called Strike 1-1: Called Strike 1-2: Ball 2-2: Foul Ball, location: 2F 2-2: Foul Ball, location: 2F 2-2: Ball 3-2: SINGLE (Groundball, 4D)
|
Pitching: LHP Dave Miller
|
|
Pinch Hitting: RHB Andrés Lara
|
0-0: Ball 1-0: Ball 2-0: SINGLE (Groundball, 4MS) (infield hit) Santiago Márquez to second
|
Pinch Hitting: LHB Roy Patrick
|
0-0: Called Strike 0-1: Foul Ball, location: 2F 0-2: Fielders Choice at 2nd, 3-6 (Groundball, 34) Santiago Márquez to third
|
Pitching: RHP Brad Sharpe
|
|
Pinch Hitting: LHB José Sánchez
|
0-0: Called Strike 0-1: Called Strike 0-2: Foul Ball, location: 2F 0-2: Ball 1-2: Fly out, F7 (Line Drive, 78M)
|
Bottom of the 8th over - 0 runs, 2 hits, 0 errors, 2 left on base; Nassau 8 - Kenilworth 5 |
TOP OF THE 9TH |
Nassau Rockets batting - Pitching for Kenilworth Aces : RHP Jack Walker
|
Now at 1B: Santiago Márquez
|
|
Now at 2B: José Sánchez
|
|
Now in LF: Roy Patrick
|
|
Now in RF: Andrés Lara
|
|
Batting: RHB Tommy Davenport
|
0-0: Called Strike 0-1: Ball 1-1: Ball 2-1: SINGLE (Groundball, 4D)
|
Batting: LHB Andrew Alvarado
|
0-0: Fielders Choice at 2nd, 6-4 (Groundball, 6)
|
Batting: RHB Aaron Wilson
|
0-0: Called Strike 0-1: Ball 1-1: Foul Ball, location: 2F 1-2: SINGLE (Flyball, 9S) Andrew Alvarado to second Runner from 2nd tries for 3rd, SAFE, no throw
|
Batting: SHB Edgardo Osorio
|
0-0: Ball 1-0: Ball 2-0: Foul Ball, location: 2F 2-1: Ball 3-1: Fly out, F7 (Flyball, 7D) Runner from 3rd tags up, SCORES, throw made
|
Pitching: RHP Frank Martin
|
|
Batting: RHB Wallace Greene
|
0-0: Ball 1-0: Ball Aaron Wilson steals 2nd base 2-0: Called Strike 2-1: Fly out, F7 (Line Drive, 7S)
|
Top of the 9th over - 1 run, 2 hits, 0 errors, 1 left on base; Nassau 9 - Kenilworth 5 |
BOTTOM OF THE 9TH |
Kenilworth Aces batting - Pitching for Nassau Rockets : RHP Brad Sharpe
|
Pinch Hitting: RHB Hollis Wood
|
0-0: Ball 1-0: SINGLE (Groundball, 6D)
|
Pitching: RHP Matt Hoffman
|
|
Batting: LHB Barrett Waters
|
0-0: SINGLE (Groundball, 4MD) Hollis Wood to second
|
Batting: RHB Jorge Jiménez
|
0-0: Ball 1-0: Fly out, F8 (Flyball, 8RD)
|
Batting: RHB Luis Sánchez
|
0-0: Foul Ball, location: 2F 0-1: Grounds into double play, 6-4-3 (Groundball, 6)
|
Bottom of the 9th over - 0 runs, 2 hits, 0 errors, 1 left on base; Nassau 9 - Kenilworth 5 |
|